 Dungeon Crawl Stone Soup version 0.19.1-1-g22dce08 (console) character file.

109236 Kloppie the Severer (level 16, -7/226 HPs)
             Began as a Purple Draconian Berserker on Jan 19, 2017.
             Was the Champion of Trog.
             Mangled by a seven-headed hydra (10 damage)
             ... on level 3 of the Lair of Beasts.
             The game lasted 00:48:20 (24406 turns).

Kloppie the Severer (Purple Draconian Berserker)   Turns: 24406, Time: 00:48:21

Health: -7/226     AC: 15    Str: 30    XL:     16   Next: 4%
Magic:  6/14       EV: 20    Int: 14    God:    Trog [******]
Gold:   2253       SH: 17    Dex: 20    Spells: 0 memorised, 15 levels left

rFire  + + .     SeeInvis .     b - +1 demon trident (pierce)
rCold  + . .     Gourm    .     (armour unavailable)
rNeg   . . .     Faith    .     D - +2 shield
rPois  .         Spirit   .     M - +1 hat
rElec  .         Reflect  .     J - +0 cloak (curse)
rCorr  .         Harm     .     s - +1 pair of gloves
MR     ++...                    P - +1 pair of boots {Fly}
Stlth  ..........               x - amulet of regeneration
                                L - ring "Caot" {rF+ rC+ Str+2 Int+7 Dex+3}
                                y - ring of protection from fire

@: berserking, very quick
A: breathe power, unfitting armour, low mp 1, mutation resistance 1, robust 1,
strong 1, cold-blooded, AC +9
a: Breathe Dispelling Energy, Berserk, Trog's Hand, Brothers in Arms, Burn
Spellbooks, Renounce Religion, Evoke Flight


You were on level 3 of the Lair of Beasts.
You worshipped Trog.
Trog was exalted by your worship.
You were hungry.

You visited 4 branches of the dungeon, and saw 24 of its levels.
You also visited: Labyrinth and Ice Cave.

You collected 2695 gold pieces.
You spent 442 gold pieces at shops.

Inventory:

Hand Weapons
 a - a +8 antimagic broad axe
 b - a +1 demon trident of piercing (weapon)
Missiles
 h - 5 javelins of returning
 I - 9 silver tomahawks
 K - 40 tomahawks (quivered)
 Z - 10 javelins
Armour
 s - a +1 pair of gloves (worn)
 D - a +2 shield (worn)
 J - a cursed +0 cloak (worn)
 M - a +1 hat (worn)
 P - a +1 pair of boots of flying (worn)
Jewellery
 x - an amulet of regeneration (around neck)
 y - a ring of protection from fire (left hand)
 L - the ring "Caot" (right hand) {rF+ rC+ Str+2 Int+7 Dex+3}
   (You took it off a minotaur in a labyrinth)

   [ring of dexterity]

   It affects your strength (+2).
   It affects your intelligence (+7).
   It affects your dexterity (+3).
   It protects you from fire.
   It protects you from cold.
 R - a +2 amulet of reflection
Wands
 g - a wand of disintegration (16/24)
Scrolls
 i - 4 scrolls of fear
 k - 3 scrolls of fog
 l - 4 scrolls of recharging
 m - 6 scrolls of enchant armour
 p - 2 scrolls of noise
 z - a scroll of silence
 G - 6 scrolls of teleportation
 N - 5 scrolls of magic mapping
 S - 3 scrolls of blinking
 U - 8 scrolls of remove curse
Potions
 c - 4 potions of resistance
 e - 2 potions of might
 n - 10 potions of curing
 o - a potion of ambrosia
 r - 7 potions of flight
 u - 3 potions of lignification
 w - 2 potions of haste
 A - a potion of agility
 E - 3 potions of invisibility
 O - a potion of cancellation
Comestibles
 d - 4 beef jerkies
 j - 8 meat rations
 q - 11 slices of pizza
 t - 25 fruits
 C - 3 chunks of flesh
 X - 17 bread rations


   Skills:
 - Level 11.5 Fighting
 - Level 18.0 Axes
 - Level 7.2 Throwing
 + Level 10.0 Dodging
 - Level 15.0 Shields


You had 15 spell levels left.
You didn't know any spells.

Dungeon Overview and Level Annotations

Branches:
Dungeon (15/15) Temple (0/1) D:5 Lair (6/6) D:9 Swamp (1/4) Lair:3 Spider (0/4) Lair:3 Slime (0/5) Lair:6 Orc (2/2) D:9 Elf (0/3) Orc:2 Vaults (0/5) D:13 D:14 Depths (0/5) D:15

Altars:
Ashenzari
Gozag
Kikubaaqudgha
Makhleb
Nemelex Xobeh
Qazlal
Uskayaw
Vehumet
Xom
Yredelemnul
Beogh

Shops:
D:7 [   D:9 (   Orc:2 :*[*(:%


Innate Abilities, Weirdness & Mutations

You can breathe bolts of dispelling energy.
Your rich purple scales are hard. (AC +9)
You cannot fit into any form of body armour.
You are cold-blooded and may be slowed by cold attacks.
Your magical capacity is low. (-10% MP)
You are somewhat resistant to further mutation.
You are robust. (+10% HP)
Your muscles are strong. (Str +2)


Message History

* * * LOW HITPOINT WARNING * * *
You block the swamp worm's attack.
You barely miss the seven-headed hydra. You tail-slap the seven-headed hydra!
The seven-headed hydra is heavily wounded.
The alligator bites you!
* * * LOW HITPOINT WARNING * * *
You block the alligator's attack.
You impale the seven-headed hydra!!
The seven-headed hydra is almost dead.
The alligator bites you!
* * * LOW HITPOINT WARNING * * *
The alligator tail-slaps you.
* * * LOW HITPOINT WARNING * * *
You block the seven-headed hydra's attack. x2
The seven-headed hydra completely misses you.
You block the seven-headed hydra's attack.
The seven-headed hydra barely misses you.
The seven-headed hydra closely misses you.
The seven-headed hydra bites you!
You die...

##..## ###....###
#.#.....P# ### ###
##...##P.P# #.##
##.###....§§...##
.#.####...###..§......#
.÷..##.....#.§§§§≈....#
#.##.........§§tw≈≈...#
###.#P......§§§t@§≈...#
..####......§§§§§D≈..##
....##......§§§§§§....#
...###.........§.§..###
..## #.........§....#
..# ##.........#..#.#
..# #...........#.###
..# #............## .##
#.............##


You could see 2 alligators, a seven-headed hydra and a swamp worm.

Vanquished Creatures
  Kirke (D:12)
  An orc warlord (Orc:2)
  Nessos (D:14)
  4 dire elephants (Lair:6)
  A minotaur (Lab)
  Josephine (D:10)
  11 hydras
  An anaconda (Lair:6)
  The ghost of soukkis the Cleaver, a novice MiBe of Trog (Orc:1)
  4 centaur warriors
  Erica (D:11)
  8 death yaks
  3 tengu warriors
  An orc high priest (Orc:2)
  Urug (D:9)
  Sonja (D:9)
  Nergalle (Orc:2)
  A fire crab (shapeshifter) (D:14)
  A deep troll (D:14)
  7 skeletal warriors
  2 unseen horrors
  10 hill giants
  A wizard (D:15)
  7 orc knights
  2 necromancers
  A phantasmal warrior (D:15)
  2 orc sorcerers
  2 deep elf magi
  6 cyclopes
  5 black mambas
  9 ugly things
  The ghost of Execuda the Chopper, a novice MiBe of Trog (D:5)
  Joseph (D:9)
  Psyche (D:8)
  2 ice statues (IceCv)
  A gargoyle (D:15)
  A torpor snail (Lair:3)
  4 elephants (Lair:6)
  Maurice (D:8)
  16 spiny frogs
  4 centaur skeletons
  5 rime drakes
  A yaktaur (shapeshifter) (D:14)
  2 efreet
  10 komodo dragons
  A yaktaur skeleton (D:15)
  6 ice devils (IceCv)
  A tengu conjurer (D:15)
  4 trolls
  A hornet (D:13)
  A polar bear (Lair:5)
  7 dream sheep (Lair:3)
  11 slime creatures
  2 two-headed ogres
  Prince Ribbit (D:8)
  A deep troll zombie (D:15)
  8 blink frogs (Lair:3)
  11 hippogriffs
  A spriggan (D:9)
  An ice dragon skeleton (D:15)
  A shadow (D:12)
  An ettin skeleton (D:15)
  4 wyverns
  5 wraiths
  The ghost of kwasso the Chopper, an amateur HOFi (D:4)
  55 yaks
  2 basilisks
  16 humans (D:13)
  4 vampire mosquitoes (D:12)
  A hungry ghost (D:9)
  Grum (Lair:1)
  Edmund (D:5)
  A steam dragon (D:9)
  3 mottled dragons
  4 wargs
  A soldier ant (D:11)
  11 water moccasins
  9 porcupines
  34 orc warriors
  2 black bears (D:9)
  5 ice beasts
  A phantom (D:11)
  An eye of draining (D:14)
  8 ogres
  6 sky beasts
  2 necrophages
  8 wolves
  The ghost of Sigrun the Slasher, an amateur DsBe of Trog (D:3)
  6 centaurs
  7 crocodiles
  3 big kobolds
  15 bullfrogs
  3 wyvern zombies
  5 scorpions
  A water moccasin skeleton (D:7)
  5 killer bees (D:11)
  13 wights
  9 electric eels (Lair:3)
  3 crimson imps
  2 bullfrog zombies
  2 centaur zombies (D:10)
  A draconian simulacrum (IceCv)
  19 orc priests
  6 hounds
  3 bullfrog skeletons
  7 jellies
  6 iguanas
  2 gnoll shamans
  A troll simulacrum (IceCv)
  29 orc wizards
  12 worker ants
  2 centaur simulacra
  A worker ant zombie (D:7)
  20 gnolls
  4 ogre simulacra (IceCv)
  2 river rats (D:9)
  18 adders
  3 naga simulacra (IceCv)
  3 shadow imps
  4 oozes
  An adder skeleton (D:5)
  8 worms
  13 dart slugs
  3 leopard geckos
  81 orcs
  3 ball pythons
  7 giant cockroaches
  7 goblins
  4 hobgoblins
  10 jackals
  26 kobolds
  5 quokkas
  10 bats
  5 frilled lizards
  A leopard gecko skeleton (D:4)
  11 rats
  5 fungi
  4 plants
815 creatures vanquished.

Vanquished Creatures (collateral kills)
  A two-headed ogre (D:10)
  A bullfrog zombie (D:10)
  A worker ant (D:10)
3 creatures vanquished.

Vanquished Creatures (others)
  4 humans (D:12)
  3 orcs (D:12)
  3 fungi
  3 plants (Lair:6)
13 creatures vanquished.

Grand Total: 831 creatures vanquished

Notes
Turn   | Place    | Note
-------+----------+-------------------------------------------
     0 | D:1      | Kloppie the Draconian Berserker began the quest for the Orb.
     0 | D:1      | Reached XP level 1. HP: 19/19 MP: 1/1
   284 | D:1      | Reached XP level 2. HP: 20/26 MP: 2/2
   940 | D:2      | Reached XP level 3. HP: 26/33 MP: 3/3
  1087 | D:2      | Found a shattered altar of Ashenzari.
  1468 | D:2      | Reached skill level 4 in Axes
  1749 | D:3      | Reached XP level 4. HP: 39/40 MP: 4/4
  1760 | D:3      | Reached ** piety under Trog
  1799 | D:3      | Noticed Sigrun's ghost (amateur DsBe)
  1810 | D:3      | Killed Sigrun's ghost
  1810 | D:3      | Reached XP level 5. HP: 47/47 MP: 5/5
  1891 | D:3      | Found a stormy altar of Qazlal.
  1941 | D:3      | Reached skill level 5 in Axes
  2069 | D:3      | Reached skill level 5 in Fighting
  2382 | D:3      | Reached *** piety under Trog
  2433 | D:3      | Found a faded altar of an unknown god.
  2433 | D:3      | Found a shimmering altar of Xom.
  2438 | D:3      | Found a faded altar of an unknown god.
  2440 | D:3      | Found a sparkling altar of Nemelex Xobeh.
  2442 | D:3      | Found a faded altar of an unknown god.
  2648 | D:3      | Reached XP level 6. HP: 49/56 MP: 6/6
  2964 | D:4      | Noticed kwasso's ghost (amateur HOFi)
  2974 | D:4      | Killed kwasso's ghost
  2974 | D:4      | Reached skill level 6 in Axes
  2974 | D:4      | Your scales start taking on a rich purple colour.
  2974 | D:4      | Reached XP level 7. HP: 64/64 MP: 7/7
  3973 | D:5      | Entered Level 5 of the Dungeon
  3993 | D:5      | Reached skill level 7 in Axes
  4059 | D:5      | Noticed Edmund
  4076 | D:5      | Killed Edmund
  4076 | D:5      | Reached XP level 8. HP: 68/74 MP: 8/8
  4240 | D:5      | Found an opulent altar of Gozag.
  4288 | D:5      | Noticed Execuda's ghost (novice MiBe)
  4296 | D:5      | Killed Execuda's ghost
  4296 | D:5      | Reached skill level 8 in Axes
  4397 | D:5      | Found a hide-covered altar of Uskayaw.
  4398 | D:5      | Noticed a hand axe
  4399 | D:5      | Noticed a dagger
  4407 | D:5      | Found a staircase to the Ecumenical Temple.
  4506 | D:5      | Reached **** piety under Trog
  4961 | D:6      | Reached skill level 1 in Shields
  5101 | D:6      | Found a basalt altar of Yredelemnul.
  5510 | D:6      | Reached skill level 9 in Axes
  5650 | D:6      | You fall through a shaft for 3 floors!
  5664 | D:9      | Reached XP level 9. HP: 68/82 MP: 9/9
  5747 | D:8      | Noticed Psyche
  5759 | D:8      | Killed Psyche
  6001 | D:7      | Reached skill level 10 in Axes
  6035 | D:7      | Found Boontiuq's Antique Armour Shoppe.
  6046 | D:7      | Bought a glowing cloak for 189 gold pieces
  6046 | D:7      | Bought a pair of glowing boots for 189 gold pieces
  6807 | D:8      | Reached skill level 5 in Dodging
  6854 | D:8      | Noticed Maurice
  6854 | D:8      | Noticed Prince Ribbit
  6894 | D:8      | Killed Maurice
  6894 | D:8      | Reached XP level 10. HP: 90/90 MP: 10/10
  7155 | D:8      | Found a radiant altar of Vehumet.
  7170 | D:8      | Killed Prince Ribbit
  7290 | D:9      | Reached skill level 11 in Axes
  7325 | D:9      | Found a staircase to the Lair.
  7537 | D:9      | Found Sakkiff's Antique Weapon Shop.
  7594 | D:9      | Noticed a brown ugly thing
  7605 | D:9      | Killed a brown ugly thing
  7659 | D:9      | Reached ***** piety under Trog
  7782 | D:9      | Found a shimmering altar of Xom.
  7919 | D:9      | Received a gift from Trog
  8057 | D:9      | Found a staircase to the Orcish Mines.
  8130 | D:9      | Found an opulent altar of Gozag.
  8252 | D:10     | Entered Level 10 of the Dungeon
  8252 | D:10     | Noticed Urug
  8330 | D:10     | Noticed Josephine
  8376 | D:10     | Noticed a hill giant
  8382 | D:10     | Killed Josephine
  8382 | D:10     | Reached skill level 12 in Axes
  8388 | D:10     | Noticed Joseph
  8629 | D:9      | Killed Urug
  8629 | D:9      | Reached XP level 11. HP: 95/95 MP: 11/11
  8832 | D:9      | Killed a hill giant
  8890 | D:10     | Noticed Sonja
  8907 | D:9      | Killed Joseph
  8917 | D:9      | Killed Sonja
  9157 | D:10     | Gained mutation: Your muscles are strong. (Str +2) [potion of beneficial mutation]
  9158 | D:10     | Gained mutation: Your magical capacity is low. (-10% MP) [potion of mutation]
  9158 | D:10     | Gained mutation: You are somewhat resistant to further mutation. [potion of mutation]
  9158 | D:10     | Gained mutation: You are robust. (+10% HP) [potion of mutation]
  9218 | D:10     | Noticed a hill giant
  9228 | D:10     | Killed a hill giant
  9479 | Lair:1   | Entered Level 1 of the Lair of Beasts
  9479 | Lair:1   | Noticed Grum
  9491 | Lair:1   | Killed Grum
  9491 | Lair:1   | Reached skill level 13 in Axes
 10010 | Lair:1   | Reached skill level 1 in Throwing
 10259 | Lair:2   | Noticed an eight-headed hydra
 10272 | Lair:2   | Killed an eight-headed hydra
 10430 | Lair:2   | Reached XP level 12. HP: 48/113 MP: 10/10
 10667 | Lair:2   | Reached skill level 14 in Axes
 11154 | Lair:3   | Found a staircase to the Swamp.
 11181 | Lair:3   | Received a gift from Trog
 11387 | Lair:3   | Found a hole to the Spider Nest.
 11397 | Lair:3   | Reached skill level 5 in Throwing
 11434 | Lair:3   | Found a labyrinth entrance.
 11443 | Lab      | Entered a labyrinth
 11678 | Lab      | Noticed a minotaur
 11687 | Lab      | Killed a minotaur
 11689 | Lab      | Got a smoking golden ring
 11698 | Lab      | Identified the ring "Caot" {rF+ rC+ Str+2 Int+7 Dex+3} (You took it off a minotaur in a labyrinth)
 12016 | Lair:3   | HP: 4/169 [electric eel/bolt of electricity (6)]
 12246 | Lair:3   | Noticed a four-headed hydra
 12284 | Lair:3   | Killed a four-headed hydra
 12285 | Lair:3   | Received a gift from Trog
 12642 | Lair:3   | Reached skill level 15 in Axes
 13039 | Lair:4   | Found an ancient bone altar of Kikubaaqudgha.
 13389 | Lair:4   | Reached XP level 13. HP: 92/122 MP: 11/11
 14188 | Lair:5   | Reached skill level 10 in Fighting
 14834 | Lair:6   | Entered Level 6 of the Lair of Beasts
 14841 | Lair:6   | Reached skill level 16 in Axes
 14961 | Lair:6   | Identified a scroll of acquirement
 15140 | Lair:6   | Found a staircase to the Slime Pits.
 16131 | Orc:1    | Entered Level 1 of the Orcish Mines
 16131 | Orc:1    | Found a roughly hewn altar of Beogh.
 16140 | Orc:1    | Received a gift from Trog
 16188 | Orc:1    | Noticed soukkis's ghost (novice MiBe)
 16203 | Orc:1    | Killed soukkis's ghost
 16253 | Orc:1    | Reached skill level 17 in Axes
 16330 | Orc:1    | Reached XP level 14. HP: 56/136 MP: 12/12
 17244 | Lair:6   | Received a gift from Trog
 17452 | D:11     | Noticed Erica
 17456 | D:11     | Killed Erica
 17845 | D:11     | Reached skill level 18 in Axes
 17909 | D:11     | Reached skill level 5 in Shields
 18639 | D:12     | Noticed Kirke
 18659 | D:12     | Killed Kirke
 19375 | D:12     | Found a burning altar of Makhleb.
 19966 | D:13     | Reached ****** piety under Trog
 20104 | D:13     | Received a gift from Trog
 20409 | D:14     | Found a gate to the Vaults.
 20409 | D:14     | Noticed Nessos
 20431 | D:13     | Reached skill level 10 in Shields
 20528 | D:13     | Reached XP level 15. HP: 41/143 MP: 4/13
 20785 | D:14     | Killed Nessos
 20806 | D:14     | Found a frozen archway.
 20820 | IceCv    | Entered an ice cave
 21160 | IceCv    | Received a gift from Trog
 22038 | D:14     | Found a stormy altar of Qazlal.
 22123 | D:15     | Entered Level 15 of the Dungeon
 22172 | D:15     | Found a staircase to the Depths.
 22482 | D:15     | Received a gift from Trog
 22874 | D:15     | Received a gift from Trog
 23170 | Orc:2    | Entered Level 2 of the Orcish Mines
 23207 | Orc:2    | Found Waass's Book Shoppe.
 23248 | Orc:2    | Found Ytayl's Assorted Antiques.
 23316 | Orc:2    | Bought a scroll labeled JEORCH JICIAPTA for 28 gold pieces
 23451 | Orc:2    | Noticed Nergalle
 23453 | Orc:2    | Found a roughly hewn altar of Beogh.
 23468 | Orc:2    | Killed Nergalle
 23469 | Orc:2    | Noticed an orc warlord
 23506 | Orc:2    | Killed an orc warlord
 23678 | Orc:2    | Found Nymaepru's Antique Armour Emporium.
 23693 | Orc:2    | Found Qewk's General Store.
 23704 | Orc:2    | Reached skill level 15 in Shields
 23753 | Orc:2    | Bought a potion of curing for 36 gold pieces
 23805 | Orc:2    | Found Vegel's Book Emporium.
 23828 | Orc:2    | Found Nyskum's Food Emporium.
 23852 | Orc:2    | Found a staircase to the Elven Halls.
 23919 | Orc:2    | Found Ucou's Antique Weapon Emporium.
 24097 | Orc:1    | Received a gift from Trog
 24100 | Orc:1    | Reached XP level 16. HP: 137/151 MP: 4/14
 24104 | Orc:1    | Received a gift from Trog
 24388 | Swamp:1  | Entered Level 1 of the Swamp
 24396 | Lair:3   | Reached skill level 10 in Dodging
 24406 | Lair:3   | HP: 5/226 [alligator (10)]
 24406 | Lair:3   | Mangled by a seven-headed hydra

Skill      XL: |  1  2  3  4  5  6  7  8  9 10 11 12 13 14 15 16 |
---------------+-------------------------------------------------+-----
Fighting       | 4 5 6 7 8 9 11 | 11.5
Axes           | 4 5 6 7 9 10 12 13 15 17 18 | 18.0
Shields        | 3 4 10 15 | 15.0
Dodging        | 5 8 9 10 | 10.0
Throwing       | 3 7 |  7.2

Action                   |  1- 3 |  4- 6 |  7- 9 | 10-12 | 13-15 | 16-18 || total
-------------------------+-------+-------+-------+-------+-------+-------++-------
Melee: Hand axe          |   130 |   167 |   458 |   576 |       |       ||  1331
       Tailslap          |    19 |    23 |    65 |   174 |   290 |     9 ||   580
       War axe           |       |       |       |   377 |     4 |       ||   381
       Demon trident     |       |       |       |    18 |    40 |     9 ||    67
       Broad axe         |       |       |       |       |  1176 |    36 ||  1212
       Unarmed           |       |       |       |       |     5 |       ||     5
Throw: Tomahawk          |       |       |     5 |     4 |    19 |       ||    28
       Throwing net      |       |       |     2 |       |       |       ||     2
Invok: Berserk           |       |     4 |     8 |    16 |     9 |     1 ||    38
       Trog's Hand       |       |     1 |     2 |     6 |     6 |       ||    15
       Brothers in Arms  |       |       |       |     1 |       |       ||     1
 Abil: Stop Flying       |       |       |     1 |       |     1 |       ||     2
       Breathe Dispellin |       |       |       |     3 |     2 |       ||     5
       Evoke Flight      |       |       |       |       |     1 |       ||     1
Evoke: Wand              |       |       |       |     2 |       |       ||     2
  Use: Scroll            |       |       |    14 |    11 |     9 |     5 ||    39
       Potion            |       |       |       |     7 |     3 |       ||    10
 Stab: Sleeping          |     2 |       |     1 |       |     7 |       ||    10
       Held in net/web   |       |       |     1 |       |       |       ||     1
       Paralysed         |       |       |       |     2 |       |       ||     2
       Distracted        |       |       |       |     1 |     1 |       ||     2
  Eat: Chunk             |     3 |     7 |    21 |    34 |    41 |     1 ||   107
       Meat ration       |       |       |       |     2 |     1 |       ||     3
Armor: Skin              |    36 |    78 |   112 |   220 |   212 |    13 ||   671
Dodge: Dodged            |    95 |   109 |   224 |   704 |   623 |    46 ||  1801
Block: Buckler           |       |       |    43 |   184 |    65 |       ||   292
       Shield            |       |       |       |       |   516 |    58 ||   574
